 Dungeon Crawl Stone Soup version 0.28.0-62-gf88900778d (webtiles) character file.

Game seed: 10555288331384715785

352 cbfl8 the Chopper (level 6, -3/79 HPs)
             Began as a Hill Orc Berserker on July 8, 2023.
             Was a Priest of Trog.
             Slain by a two-headed ogre
             ... wielding a +0 giant club
              (5 damage)
             ... on level 4 of the Dungeon.
             The game lasted 00:03:47 (5369 turns).

cbfl8 the Chopper (Hill Orc Berserker)              Turns: 5369, Time: 00:03:47

Health: -3/79      AC: 14    Str: 20    XL:     6   Next: 62%
Magic:  6/6        EV:  7    Int:  7    God:    Trog [***...]
Gold:   130        SH:  3    Dex: 12    Spells: 5/5 levels left

rFire   . . .      SeeInvis .   a - +0 hand axe
rCold   . . .      Faith    .   i - +0 buckler
rNeg    . . .      Spirit   .   j - +0 chain mail
rPois   .          Reflect  .   (no helmet)
rElec   .          Harm     .   (no cloak)
rCorr   .          Rampage  .   e - +0 pair of gloves
Will    .....      Clarity  +   (no boots)
Stlth   ..........              (no amulet)
HPRegen 0.23/turn               g - +4 ring of protection
MPRegen 0.10/turn               (no ring)

@: berserking, very quick
A: clarity, evolution 1
a: Renounce Religion, Berserk, Trog's Hand


You were on level 4 of the Dungeon.
You worshipped Trog.
Trog was most pleased with you.
You visited 1 branch of the dungeon, and saw 4 of its levels.

You collected 130 gold pieces.

Inventory:

Hand Weapons
 a - a +0 hand axe (weapon)
Missiles
 f - 2 throwing nets (quivered)
Armour
 e - a +0 pair of gloves (worn)
 i - a +0 buckler (worn)
 j - a +0 chain mail (worn)
Jewellery
 g - a +4 ring of protection (left hand)
Scrolls
 h - a scroll of blinking
Potions
 b - a potion of attraction {unknown}
 c - a potion of heal wounds {unknown}
 d - a potion of lignification {unknown}


   Skills:
 + Level 4.7 Fighting
 + Level 6.9 Axes
 + Level 3.6 Armour
 - Level 1.5 Dodging
 - Level 0.6 Stealth
 * Level 2.5 Evocations


You had 5 spell levels left.
You didn't know any spells.
Your spell library was empty.

Dungeon Overview and Level Annotations

Branches:
Dungeon (4/15)
 Temple: D:4-7

Altars:
The Shining One


Innate Abilities, Weirdness & Mutations

You possess an exceptional clarity of mind.
You have hidden genetic potential.


Message History

Trog accepts your kill.
No target in view!
You feel a genetic drift.
Your thoughts seem clearer.
HP restored.
Things that are here:
a +0 whip; 6 poisoned darts You see here a +0 giant club.
Found a stone staircase leading down.
d - a grey potion
h - a scroll of blinking No target in view!
You now have 130 gold pieces (gained 14).
As you open the door, it creaks loudly!
No target in view!
You open the door.
A two-headed ogre comes into view.
It is wielding a +0 giant club and a +0 giant spiked club.
The two-headed ogre shouts in stereo!
Found 18 stones.
There is an open door here.
A two-headed ogre is nearby!
The two-headed ogre hits you with a +0 giant club!
The two-headed ogre hits you with a +0 giant spiked club!!
A two-headed ogre is nearby!
You are too injured to fight recklessly!
A two-headed ogre is nearby!
You are too injured to fight recklessly!
You are too injured to fight recklessly!
A red film seems to cover your vision as you go berserk!
You feel yourself moving faster!
You feel mighty!
The two-headed ogre hits you with a +0 giant club!
* * * LOW HITPOINT WARNING * * *
The two-headed ogre barely misses you.
You barely miss the two-headed ogre. You slash the two-headed ogre!
The two-headed ogre is lightly wounded.
The two-headed ogre hits you with a +0 giant club!
* * * LOW HITPOINT WARNING * * *
The two-headed ogre hits you with a +0 giant spiked club.
You die...

###+##....#.#..#
#.##....#....#
####'##....##...#
#.......#####...#
#.......+.......#
#.......#####...###
##.................
#####'###########..#..
#....@...# #>+..
#...O....# ## .
#........# #.(......#
#........# #####+####


You could see a two-headed ogre.

Vanquished Creatures
  An ogre (D:4)
  A scorpion (D:3)
  An orc priest (D:3)
  Jessica (D:3)
  5 adders
  5 dart slugs
  10 orcs
  7 ball pythons
  10 endoplasms
  A giant cockroach (D:1)
  9 goblins
  5 hobgoblins
  4 quokkas
  3 bats
  6 frilled lizards
  9 kobolds
  12 rats
90 creatures vanquished.

Notes
Turn   | Place    | Note
-------+----------+-------------------------------------------
     0 | D:1      | cbfl8 the Hill Orc Berserker began the quest for the Orb.
     0 | D:1      | Reached XP level 1. HP: 19/19 MP: 1/1
    26 | D:1      | Reached XP level 2. HP: 12/27 MP: 2/2
   514 | D:1      | Reached XP level 3. HP: 6/33 MP: 3/3
   516 | D:1      | Reached skill level 1 in Evocations
   988 | D:1      | Reached skill level 5 in Axes
  1076 | D:1      | Reached ** piety under Trog
  1654 | D:2      | Reached XP level 4. HP: 35/40 MP: 4/4
  1863 | D:2      | Found a faded altar of an unknown god.
  2444 | D:3      | Noticed Jessica
  2457 | D:3      | Killed Jessica
  2608 | D:3      | Noticed a scorpion
  2619 | D:3      | Gained mutation: Your spells are a little easier to cast,
                  | but a little less powerful. [potion of mutation]
  2619 | D:3      | Gained mutation: Armour fits poorly on your strangely
                  | shaped body. [potion of mutation]
  2619 | D:3      | Gained mutation: You expend magic power (3 MP) to
                  | strengthen your wands. [potion of mutation]
  3120 | D:3      | Killed a scorpion
  3121 | D:3      | Reached skill level 6 in Axes
  3121 | D:3      | Reached XP level 5. HP: 41/47 MP: 5/5
  3760 | D:3      | Reached *** piety under Trog
  4041 | D:3      | Found a glowing golden altar of the Shining One.
  4230 | D:3      | Lost mutation: You expend magic power (3 MP) to strengthen
                  | your wands. [potion of mutation]
  4230 | D:3      | Lost mutation: Your spells are a little easier to cast, but
                  | a little less powerful. [potion of mutation]
  4230 | D:3      | Lost mutation: Armour fits poorly on your strangely shaped
                  | body. [potion of mutation]
  4230 | D:3      | Gained mutation: You have hidden genetic potential. [potion
                  | of mutation]
  4305 | D:4      | Noticed an ogre
  4316 | D:3      | Reached XP level 6. HP: 37/53 MP: 6/6
  5233 | D:4      | Gained mutation: You possess an exceptional clarity of
                  | mind. [hidden potential]
  5364 | D:4      | Noticed a two-headed ogre
  5369 | D:4      | HP: 2/79 [two-headed ogre/+0 giant club (15)]
  5369 | D:4      | Slain by a two-headed ogre

Illustrated notes

Levels and vault maps discovered:
D:1:      ncdulo_lavacross, layout_rooms
D:2:      layout_basic, hellmonk_ecumenical_altar_leap_of_faith,
          minmay_pentomino_t2
D:3:      layout_basic, overflow_temple_1_default, amcnicky_mini_pool_small,
          uniq_jessica
D:4:      layout_basic

Skill      XL: |  1  2  3  4  5 |
---------------+----------------+-----
Evocations     | 1 2 |  2.5
Fighting       | 4 |  4.7
Axes           | 5 6 |  6.9
Armour         | 3 |  3.6
Dodging        | |  1.5
Stealth        | |  0.6

Action                   |  1- 3 |  4- 6 || total
-------------------------+-------+-------++-------
Melee: Hand axe          |    86 |   185 ||   271
       Punch             |     2 |     1 ||     3
Invok: Berserk           |     2 |     1 ||     3
  Use: Scroll            |       |     4 ||     4
       Potion            |       |     3 ||     3
Armor: Animal skin       |    13 |       ||    13
       Scale mail        |    16 |    50 ||    66
       Chain mail        |       |    27 ||    27
Dodge: Dodged            |    65 |    85 ||   150
Block: Buckler           |       |     8 ||     8
